 Dungeon Crawl Stone Soup version 0.13.0-29-gdb529de (webtiles) character file.

7299 Rikelek the Martial Artist (level 10, -2/67 HPs)
             Began as a Demonspawn Transmuter on Nov 9, 2013.
             Was a Priest of Makhleb.
             Killed from afar by an electric eel (14 damage)
             ... with a bolt of electricity
             ... on Level 10 of the Dungeon.
             The game lasted 00:51:10 (12757 turns).

Rikelek the Martial Artist (Demonspawn Transmuter) Turns: 12757, Time: 00:51:10

HP  -2/67        AC  8     Str 10      XL: 10   Next: 75%
MP  24/24        EV 11     Int 17      God: Makhleb [***...]
Gold 548         SH  0     Dex 17      Spells:  3 memorised, 16 levels left

Res.Fire  : . . .   See Invis. : .     - Unarmed
Res.Cold  : . . .   Warding    : .   G - +2 leather armour {rPois}
Life Prot.: . . .   Conserve   : .   (no shield)
Res.Poison: +       Res.Corr.  : .   F - +0 spiked helmet (curse)
Res.Elec. : .       Clarity    : .   (no cloak)
Sust.Abil.: . .     Spirit.Shd : .   (no gloves)
Res.Mut.  : .       Stasis     : .   (no boots)
Res.Rott. : .       Flight     : .   r - cursed amulet of the gourmand
Gourmand  : +                        O - +2 ring of intelligence
                                     u - ring of sustenance

@: somewhat resistant to hostile enchantments, unstealthy
A: claws 2, demonic guardian 1, spiny 2, AC +2
a: Minor Destruction, Lesser Servant of Makhleb, Renounce Religion


You were on level 10 of the Dungeon.
You worshipped Makhleb.
Makhleb was most pleased with you.
You were completely stuffed.

You visited 2 branches of the dungeon, and saw 11 of its levels.

You collected 528 gold pieces.

Inventory:

Hand weapons
 l - a +1,+0 dagger of venom (quivered)
 A - a +1,+1 short sword of protection
Missiles
 b - 12 arrows
Armour
 w - a +1 robe of positive energy
 y - a +1 elven cloak
 F - a cursed +0 spiked helmet (worn)
 G - a +2 leather armour of poison resistance (worn)
Magical devices
 q - a wand of disintegration (8)
 v - a wand of fire (3)
 Q - a wand of digging (10) {unknown}
Comestibles
 a - 8 bread rations
 c - an apple
 f - 2 chokos
 g - 15 sultanas
 p - 2 meat rations
 I - 4 pears
Scrolls
 e - 2 scrolls of blinking
 k - 4 scrolls of identify
 m - a scroll of fog
 n - 3 scrolls of remove curse
 x - a scroll of magic mapping
 K - a scroll of recharging {unknown}
 M - 2 scrolls of teleportation
 P - a scroll of curse weapon {unknown}
Jewellery
 r - a cursed amulet of the gourmand (around neck)
 u - a ring of sustenance (left claw)
 z - an uncursed amulet of resist mutation
 B - an uncursed amulet of resist corrosion
 J - an uncursed ring of protection from magic
 O - a +2 ring of intelligence (right claw)
Potions
 h - a potion of cure mutation
 i - 2 potions of agility {unknown}
 j - 2 potions of curing
 o - a potion of might {unknown}
 s - 2 potions of heal wounds
 t - a potion of mutation {unknown}
 C - a potion of degeneration {unknown}
 E - a potion of berserk rage {unknown}
 L - a potion of slowing {unknown}
 N - 3 potions of speed {unknown}
Books
 d - a book of Changes

   Spells                             Type                      Level
   *Beastly Appendage                 Transmutation                1
   Sticks to Snakes                   Transmutation                2
   *Spider Form                       Transmutation/Poison         3
   Ice Form                           Ice/Transmutation            4
   *Blade Hands                       Transmutation                5
 H - a Grand Grimoire {highlevel}

   This book is beyond your current level of understanding.

   Spells                             Type                      Level
   Demonic Horde                      Summoning                    6
   Mass Abjuration                    Summoning                    6
   Haunt                              Necromancy/Summoning         7
   Summon Greater Demon               Summoning                    7
   Malign Gateway                     Summoning/Translocation      7
   Summon Horrible Things             Summoning                    8


   Skills:
 * Level 1.7 Fighting
 * Level 2.2 Dodging
 + Level 9.8 Unarmed Combat
 - Level 8.0 Spellcasting
 - Level 9.0 Transmutations
 - Level 1.0 Poison Magic


You had 16 spell levels left.
You knew the following spells:

 Your Spells              Type           Power        Failure   Level  Hunger
a - Beastly Appendage     Trmt           #####.       1%          1    None
b - Spider Form           Trmt/Pois      ###.......   4%          3    ##.....
c - Blade Hands           Trmt           #####.....   10%         5    #####..


Dungeon Overview and Level Annotations

Branches:
Dungeon (10/27)            Temple (1/1) D:5
    Orc: D:6-11        Lair: D:8-13

Altars:
Ashenzari
Cheibriados
Elyvilon
Fedhas
Kikubaaqudgha
Makhleb
Nemelex Xobeh
Okawaru
Sif Muna
Trog
Vehumet
Xom
Yredelemnul
Zin
the Shining One

Shops:
D:8 (


Innate Abilities, Weirdness & Mutations

You have very sharp fingernails.*
You are partially covered in thin metallic scales (AC +2).*
A weak demonic guardian rushes to your aid.
You are mostly covered in sharp spines.*


Message History

You miss the electric eel.
The electric eel is severely wounded.
You miss the electric eel. You claw the electric eel.
The electric eel is almost dead.
The shark bites you. The shark bites you but does no damage.
You closely miss the electric eel.
The electric eel is almost dead.
The electric eel shoots out a bolt of electricity!
The bolt of electricity hits you!
* * * LOW HITPOINT WARNING * * *
The shark barely misses you. The shark bites you but does no damage.
Read which item? (? for menu, Esc to quit)
As you read the scroll of fear, it crumbles to dust.
You assume a fearsome visage.
The worker ant looks frightened!
The electric eel looks frightened!
The shark looks frightened!
The shark looks frightened!
The electric eel is no longer bleeding.
The electric eel turns to fight!
The electric eel shoots out a bolt of electricity!
The bolt of electricity hits you!
You die...

.#....≈≈≈≈≈≈≈≈≈≈≈≈#≈≈≈≈≈
##...##≈≈≈≈≈≈≈≈≈≈≈≈≈≈≈≈≈≈
.....# ≈≈≈≈≈≈≈≈≈≈≈≈≈≈≈≈≈≈
###..# ≈≈≈≈≈≈≈≈;≈≈≈≈≈≈≈≈
.....## #≈≈≈≈≈≈≈≈≈≈≈≈≈≈≈;
###...# #≈≈≈≈≈≈≈≈≈≈≈≈a≈≈
#...#.# ##.#.#.######..%
+...+.# #.#.#.#
#...########.#.#@#
.............#.#.#
..###....#####.#.#
#.##.....'.......#
#.##....?#####.###
#.##.....# #.# ..##.....#
#.# ####.....# #.#
.........# #.#


You could see an electric eel.

Vanquished Creatures
  The ghost of mopl the Quickloader, an experienced KoHu of Trog (D:9)
  The ghost of ThorGoll the Firebug, an experienced HOFE of Vehumet (D:8)
  Grinder (D:5)
  The ghost of Drestyn the Ducker, an average DrBe of Trog (D:4)
  Eustachio (D:5)
  3 yaks (D:9)
  A hungry ghost (D:7)
  A manticore (D:8)
  3 sky beasts
  A giant goldfish (D:10)
  An ice beast (D:5)
  A necrophage (D:8)
  3 orc warriors
  6 ogres
  2 slaves
  A centaur (D:6)
  A giant frog (D:6)
  A water moccasin (D:8)
  10 killer bees
  A troll zombie (D:7)
  4 wights
  An electric eel (D:10)
  A jellyfish (D:10)
  3 goliath beetles (D:8)
  2 big fish (D:10)
  6 crimson imps
  3 iguanas
  4 orc priests
  6 hounds
  4 orc wizards
  A centaur skeleton (D:4)
  4 scorpions
  7 worker ants
  An ogre zombie (D:8)
  Ijyb (D:7)
  Jessica (D:3)
  Terence (D:3)
  A hound skeleton (D:4)
  A mummy (D:7)
  8 gnolls
  9 adders
  2 inept item mimics
  2 giant mites (D:4)
  A goliath beetle zombie (D:9)
  5 worms
  An adder skeleton (D:7)
  2 grey rats (D:5)
  8 giant geckos
  An ooze (D:4)
  24 orcs
  16 bats
  A bat skeleton (D:6)
  6 giant cockroaches
  24 hobgoblins
  11 quokkas
  A ball python (D:3)
  5 giant newts
  20 goblins
  5 jackals (D:3)
  25 kobolds
  A kobold skeleton (D:6)
  18 rats
  A rat zombie (D:7)
  8 ballistomycetes (D:8)
298 creatures vanquished.

Vanquished Creatures (collateral kills)
  Pikel (D:5)
  A necrophage (D:5)
  A centaur (D:5)
  A slave (D:5)
  An ogre (D:7)
  A hound (D:4)
  A worker ant (D:5)
  An adder (D:7)
  3 orcs
  A kobold (D:5)
12 creatures vanquished.

Vanquished Creatures (others)
  12 crimson imps
  5 iron imps
  8 lemures
  10 white imps
  7 ufetubi
  2 giant spores (D:8)
  2 ballistomycetes (D:8)
  16 plants (D:9)
62 creatures vanquished.

Grand Total: 372 creatures vanquished

Notes
Turn   | Place    | Note
--------------------------------------------------------------
     0 | D:1      | Rikelek, the Demonspawn Transmuter, began the quest for the Orb.
     0 | D:1      | Reached XP level 1. HP: 15/15 MP: 1/1
   498 | D:1      | Reached skill level 3 in Unarmed Combat
   680 | D:1      | Gained mutation: You are partially covered in thin metallic scales (AC +2). [demonic ancestry]
   680 | D:1      | Reached XP level 2. HP: 21/21 MP: 0/3
  1051 | D:2      | Reached XP level 3. HP: 18/26 MP: 2/4
  1770 | D:2      | Gained mutation: You are partially covered in sharp spines. [demonic ancestry]
  1770 | D:2      | Reached XP level 4. HP: 28/32 MP: 4/6
  1847 | D:1      | Reached skill level 4 in Unarmed Combat
  2523 | D:2      | Learned a level 3 spell: Spider Form
  2693 | D:3      | Gained mutation: A weak demonic guardian rushes to your aid. [demonic ancestry]
  2693 | D:3      | Reached XP level 5. HP: 32/37 MP: 5/7
  2758 | D:3      | Noticed Jessica
  2762 | D:3      | Reached skill level 1 in Poison Magic
  2774 | D:3      | Killed Jessica
  3299 | D:3      | Noticed Terence
  3310 | D:3      | Killed Terence
  3609 | D:4      | Reached skill level 5 in Unarmed Combat
  3684 | D:4      | Gained mutation: You have sharp fingernails. [demonic ancestry]
  3684 | D:4      | Reached XP level 6. HP: 30/43 MP: 7/9
  3783 | D:4      | Noticed Drestyn's ghost (average DrBe)
  5195 | D:5      | Entered Level 5 of the Dungeon
  5348 | D:5      | Noticed a necrophage
  5352 | D:5      | Reached XP level 7. HP: 33/48 MP: 3/10
  5494 | D:5      | Noticed Pikel
  5699 | D:5      | Reached skill level 6 in Unarmed Combat
  5924 | D:5      | Reached skill level 5 in Transmutations
  5925 | D:5      | Killed a necrophage
  6205 | D:5      | Killed Pikel
  6205 | D:5      | Reached skill level 7 in Unarmed Combat
  6205 | D:5      | Reached XP level 8. HP: 20/55 MP: 10/12
  6417 | D:5      | Found a staircase to the Ecumenical Temple.
  6428 | Temple   | Entered the Ecumenical Temple
  6728 | D:5      | Noticed Eustachio
  6729 | D:5      | Noticed Grinder
  6791 | D:5      | Killed Eustachio
  6934 | D:4      | Killed Drestyn's ghost
  7195 | D:5      | Paralysed by Grinder for 4 turns
  7214 | D:5      | Killed Grinder
  7214 | D:5      | Reached skill level 8 in Unarmed Combat
  7228 | D:5      | Found a deep blue altar of Sif Muna.
  7320 | D:6      | Learned a level 5 spell: Blade Hands
  7604 | D:6      | Gained mutation: You are mostly covered in sharp spines. [demonic ancestry]
  7604 | D:6      | Reached XP level 9. HP: 60/60 MP: 14/14
  8242 | D:6      | Found a bloodstained altar of Trog.
  8242 | D:6      | Found a burning altar of Makhleb.
  8243 | D:6      | Found a sparkling altar of Nemelex Xobeh.
  8258 | D:6      | Became a worshipper of Makhleb the Destroyer
  8462 | D:7      | Noticed Ijyb
  8476 | D:7      | Killed Ijyb
  8904 | D:7      | HP: 2/60 [ogre/giant club (5)]
  9049 | D:7      | Acquired Makhleb's first power
  9069 | D:7      | Paralysed by a potion of paralysis for 7 turns
  9328 | D:7      | Reached skill level 5 in Spellcasting
  9509 | D:8      | Reached skill level 9 in Unarmed Combat
  9665 | D:8      | Got a distressingly furry scale mail
  9679 | D:8      | Identified the +5 scale mail of Fun {Dex+4} (You found it on level 8 of the Dungeon)
 10437 | D:8      | Acquired Makhleb's second power
 10593 | D:8      | Noticed ThorGoll's ghost (experienced HOFE)
 10642 | D:8      | Killed ThorGoll's ghost
 10642 | D:8      | Gained mutation: You have very sharp fingernails. [demonic ancestry]
 10642 | D:8      | Reached XP level 10. HP: 40/66 MP: 16/22
 11097 | D:8      | Found a white marble altar of Elyvilon.
 11357 | D:8      | Found Ugileuc's Antique Weapon Emporium.
 11702 | D:9      | Noticed mopl's ghost (experienced KoHu)
 11713 | D:9      | Killed mopl's ghost
 12193 | D:9      | Acquired Makhleb's third power
 12443 | D:10     | Entered Level 10 of the Dungeon
 12757 | D:10     | Killed from afar by an electric eel

Action                   |  1- 3 |  4- 6 |  7- 9 | 10-12 || total
-------------------------+-------+-------+-------+-------++-------
Melee: Unarmed           |    31 |    46 |   465 |   216 ||   758
       Dagger            |    78 |   173 |    49 |       ||   300
       Short sword       |       |    28 |       |       ||    28
 Cast: Beastly Appendage |    22 |    31 |    46 |    12 ||   111
       Spider Form       |       |    11 |    15 |     2 ||    28
       Blade Hands       |       |       |     1 |     5 ||     6
 Abil: End Transformatio |       |     4 |     8 |     1 ||    13
Evoke: Wand              |       |       |     2 |     3 ||     5
  Use: Scroll            |       |     6 |    13 |     3 ||    22
       Potion            |       |     3 |     4 |     1 ||     8
 Stab: Sleeping          |       |     1 |     1 |       ||     2
       Distracted        |       |       |     2 |       ||     2
